 Dungeon Crawl Stone Soup version 0.30.1-11-g7821555f0a (webtiles) character file.

Game seed: 18234317483777761374

977 Crocquaman the Twirler (level 8, -4/59 HPs)
             Began as a Djinni Hedge Wizard on Dec 11, 2023.
             Killed by an exploding iguana (19 damage)
             ... ignited by their inner flame
             ... on level 6 of the Dungeon.
             The game lasted 00:34:38 (4466 turns).

Crocquaman the Twirler (Djinni Hedge Wizard)        Turns: 4466, Time: 00:34:38

Health: -4/59      AC:  9    Str:  9      XL:     8   Next: 39%
Gold:   178        EV: 13    Int: 14 (15) God:
                   SH:  0    Dex: 15 (16)

rFire   + . .        y - +2 lajatang (spect)
rCold   . . .        (shield currently unavailable)
rNeg    . . .        e - +0 robe of Neegazua {Stlth+}
rPois   ∞            t - +2 hat
rElec   .            (no cloak)
rCorr   .            A - +2 pair of gloves
SInv    .            (boots unavailable)
Will    +....        (no amulet)
Stlth   +++          k - ring of ice
HPRegen 0.29/turn    C - ring of willpower
MPRegen 0.00/turn

%: random rage (3%), infuse magic (-5 HP)
@: weakened, flying
A: sickness immunity, fire resistance 2, cold vulnerability 1, float, innate
caster, HP casting, extra vitality 1, iridescent scales 1, berserk 1, robust 1
a: no special abilities


You were on level 6 of the Dungeon.
You visited 1 branch of the dungeon, and saw 6 of its levels.

You collected 178 gold pieces.

Inventory:

Hand Weapons
 a - a +0 dagger
 d - a +0 flail
 g - a +0 spear
 h - a +1 spectral quarterstaff
 r - a +0 flail of draining
 y - a +2 spectral lajatang (weapon)
 D - a +4 halberd
 E - a +0 dagger of speed
Armour
 b - a +0 robe
 c - a +0 hat
 e - the +0 robe of Neegazua (worn) {Stlth+}
   (You found it on level 2 of the Dungeon)

   Stlth:     It makes you more stealthy.
 f - a +0 leather armour
 t - a +2 hat (worn)
 A - a +2 pair of gloves (worn)
 B - a +0 pair of boots
Jewellery
 k - a ring of ice (left hand)
 C - a ring of willpower (right hand)
Wands
 v - a wand of paralysis (12)
 F - a wand of roots (15)
Scrolls
 j - 2 scrolls of teleportation
 o - a scroll of poison
 q - 2 scrolls of amnesia
 u - 3 scrolls of blinking
 x - a scroll of noise
 G - a scroll of fog {unknown}
Potions
 i - a potion of brilliance
 l - 2 potions of degeneration
 m - a potion of mutation
 n - a potion of lignification {unknown}
 p - 2 potions of might
 w - a potion of magic {unknown}
 z - a potion of invisibility {unknown}


   Skills:
 * Level 2.2 Fighting
 * Level 5.6 Staves
 + Level 0.1 Armour
 * Level 3.8 Dodging
 + Level 2.6 Stealth
 * Level 4.0 Spellcasting
 * Level 1.7 Evocations


You knew the following spells:

 Your Spells              Type           Power      Damage    Failure   Level
a - Magic Dart            Conj           56%        1d5       3%          1
b - Slow                  Hex            56%        N/A       3%          1
c - Blink                 Tloc           28%        N/A       5%          2
d - Call Imp              Summ           28%        N/A       5%          2
e - Mephitic Cloud        Conj/Pois/Air  14%        N/A       11%         3
f - Summon Small Mammal   Summ           56%        N/A       3%          1
g - Ensorcelled Hibernat  Hex/Ice        42%        N/A       5%          2
h - Ignite Poison         Fire/Tmut/Pois 14%        N/A       11%         3
Your spell library was empty.

Dungeon Overview and Level Annotations

Branches:
Dungeon (6/15)             Temple (0/1) D:5

Altars:
Ashenzari
Qazlal

Shops:
D:1 [


Innate Abilities, Weirdness & Mutations

You are immune to sickness and miasma.
You are immune to poison.
Your flesh is very heat resistant. (rF++)
You are vulnerable to cold. (rC-)
You float through the air rather than walking.
You learn spells naturally, not from books.
Your magical power is your life essence.
You have superior vitality. (+4 MHP)
You are partially covered in iridescent scales. (AC +2)
You sometimes lose your temper in combat.
You are robust. (+10% HP)


Message History

Your +2 spectral lajatang hits the gnoll!
The gnoll hits you but does no damage.
The gnoll bouda barks out a call to the hunt!
The gnolls pick up the pace!
The iguana bites you!
You hit the gnoll.
You kill the gnoll!
Your +2 spectral lajatang disappears.
The iguana closely misses you.
You hit the gnoll bouda.
The gnoll bouda is lightly wounded.
Your +2 spectral lajatang hits the gnoll bouda.
The gnoll misses you. The iguana bites you.
The gnoll bouda gazes fiercely through you!
You feel as though you will be weak longer.
The gnoll bouda hits you with a +0 whip.
As you read the scroll of immolation, it crumbles to dust.
The creatures around you are filled with an inner flame!
Your +2 spectral lajatang disappears.
The gnoll hits you but does no damage. x2
The gnoll bouda gazes fiercely through you!
You feel as though you will be weak longer.
The gnoll bouda closely misses you. The iguana misses you.
Your magical contamination has completely faded away.
You slash the gnoll bouda!
Flame seeps out of the gnoll bouda.
The gnoll bouda is severely wounded.
Your +2 spectral lajatang hits the gnoll bouda.
Flame seeps out of the gnoll bouda.
The gnoll closely misses you. The gnoll misses you.
The iguana closely misses you.
The gnoll bouda is engulfed in blazing flames.
The gnoll bouda explodes!
The fiery explosion engulfs the gnoll!!
The fiery explosion engulfs the gnoll!!!
The fiery explosion engulfs the gnoll!!
The fiery explosion engulfs you!! You resist.
* * * LOW HITPOINT WARNING * * *
The fiery explosion engulfs the iguana!!
The iguana explodes!
The fiery explosion engulfs you!! You resist.
You die...

#......[..#.....
#.#...............
.#...............
..............#
#..$.........#
#.........<..#
#..§§§......##
.##..§§(.....######
.....§○@/..........
###..§§............
#################


You could see a friendly +2 spectral lajatang.

Vanquished Creatures
  Edmund (D:4)
  An ice beast (D:5)
  A water moccasin (D:5)
  A black bear (D:5)
  An ogre (D:5)
  A gnoll sergeant (D:5)
  A scorpion (D:4)
  A howler monkey (D:5)
  2 hounds
  A gnoll bouda (D:6)
  2 iguanas
  A sleepcap (D:5)
  12 gnolls
  8 adders
  A worm (D:2)
  A dart slug (D:4)
  2 orcs
  6 ball pythons
  A bat (D:3)
  7 endoplasms
  A giant cockroach (D:3)
  7 goblins
  2 hobgoblins
  4 quokkas
  A frilled lizard (D:2)
  7 kobolds
  4 rats
78 creatures vanquished.

Notes
Turn   | Place    | Note
-------+----------+-------------------------------------------
     0 | D:1      | Crocquaman the Djinni Hedge Wizard began the quest for the
                  | Orb.
     0 | D:1      | Crocquaman set off with the following spells memorised:
                  | Magic Dart, Slow, Blink, Call Imp, Mephitic Cloud.
     0 | D:1      | Reached XP level 1. HP: 15/15 MP: 0/0
   299 | D:1      | Reached XP level 2. HP: 19/21 MP: 0/0
   500 | D:1      | Found a faded altar of an unknown god.
   716 | D:1      | Found Ilihaumizi's Antique Armour Boutique.
   884 | D:1      | You are sucked into a shaft and drop 1 floor!
   893 | D:2      | Reached XP level 3. HP: 22/25 MP: 0/0
   893 | D:2      | Learned a level 1 spell: Summon Small Mammal
   909 | D:2      | Identified the +0 robe of Neegazua {Stlth+}
  1157 | D:2      | Gained mutation: You sometimes lose your temper in combat.
                  | [potion of mutation]
  1157 | D:2      | Gained mutation: You are partially covered in iridescent
                  | scales. (AC +2) [potion of mutation]
  1157 | D:2      | Gained mutation: You are robust. (+10% HP) [potion of
                  | mutation]
  1271 | D:2      | Reached XP level 4. HP: 29/34 MP: 0/0
  1477 | D:3      | Found a broken altar of Ashenzari.
  1646 | D:3      | Reached skill level 1 in Staves
  1953 | D:3      | Reached XP level 5. HP: 38/38 MP: 0/0
  1953 | D:3      | Learned a level 2 spell: Ensorcelled Hibernation
  2494 | D:4      | Reached skill level 2 in Staves
  2790 | D:4      | Reached skill level 3 in Staves
  2790 | D:4      | Reached XP level 6. HP: 42/45 MP: 0/0
  3010 | D:4      | Noticed Edmund
  3021 | D:4      | Killed Edmund
  3022 | D:4      | Reached skill level 1 in Fighting
  3142 | D:4      | Reached XP level 7. HP: 46/51 MP: 0/0
  3142 | D:4      | Learned a level 3 spell: Ignite Poison
  3309 | D:5      | Entered Level 5 of the Dungeon
  3317 | D:5      | Reached skill level 4 in Staves
  3418 | D:5      | Found a stormy altar of Qazlal.
  3452 | D:5      | Noticed a water moccasin
  3464 | D:5      | Killed a water moccasin
  3488 | D:5      | Reached skill level 1 in Evocations
  3493 | D:5      | Reached XP level 8. HP: 32/59 MP: 0/0
  3548 | D:5      | Reached skill level 5 in Staves
  4331 | D:5      | Found a staircase to the Ecumenical Temple.
  4466 | D:6      | Killed by an exploding iguana... ignited by their inner
                  | flame

Illustrated notes

Levels and vault maps discovered:
D:1:      dpeg_arrival_shrine, layout_basic, serial_shops, shop,
          shapermc_ecumenical_altar_acropolis
D:2:      layout_rooms, minmay_tree_intersection
D:3:      layout_rooms, marbit_many_paths, mainiacjoe_overflow_catwalk
D:4:      nicolae_cairo_tiling_large_dashed, layout_layer_cave, uniq_edmund
D:5:      layout_loops_corners, general_overflow_altar,
          mainiacjoe_overflow_boulevard, minmay_temple_entry_nine_rooms
D:6:      layout_rooms, uniq_maggie

Skill      XL: |  1  2  3  4  5  6  7  8 |
---------------+-------------------------+-----
Spellcasting   | 3 4 |  4.0
Stealth        | 2 |  2.6
Staves         | 1 3 4 5 |  5.6
Fighting       | 1 2 |  2.2
Dodging        | 3 |  3.8
Evocations     | 1 |  1.7
Armour         | |  0.1

Action                     |  1- 3 |  4- 6 |  7- 9 || total
---------------------------+-------+-------+-------++-------
  Melee: Dagger            |     3 |       |       ||     3
         Spear             |     2 |       |       ||     2
         Quarterstaff      |    13 |    31 |       ||    44
         Lajatang          |       |    42 |    49 ||    91
   Cast: Magic Dart        |    42 |    17 |    15 ||    74
    Use: Scroll            |     5 |     6 |     2 ||    13
         Potion            |     2 |       |     1 ||     3
   Stab: Sleeping          |     1 |     4 |     2 ||     7
         Distracted        |       |     2 |       ||     2
 Armour: Leather armour    |     2 |       |       ||     2
         Robe              |       |    24 |    13 ||    37
  Dodge: Dodged            |     8 |    61 |    39 ||   108
